 Dungeon Crawl Stone Soup version 0.31-a0-231-g51bb95cda3 (webtiles) character file.

Game seed: 11702632123668194215

35 qw the Shooter (level 3, -3/29 HPs)
             Began as a Minotaur Hexslinger on July 6, 2023.
             Slain by Sigmund
             ... wielding a +0 scythe
              (8 damage)
             ... on level 2 of the Dungeon.
             The game lasted 00:00:26 (1025 turns).

qw the Shooter (Minotaur Hexslinger)                Turns: 1025, Time: 00:00:27

Health: -3/29      AC:  6    Str: 11 (12) XL:     3   Next: 17%
Magic:  3/3        EV: 11    Int:  9 (10) God:
Gold:   119        SH:  0    Dex: 11 (14) Spells: 3/4 levels left

rFire   . . .        Y - +1 sling
rCold   . . .        (no shield)
rNeg    . . .        d - +3 leather armour
rPois   .            (helmet restricted)
rElec   .            (no cloak)
rCorr   +            (no gloves)
SInv    .            (no boots)
Will    .....        (no amulet)
Stlth   +            e - ring of resist corrosion
HPRegen 0.24/turn    (no ring)
MPRegen 0.08/turn

%: no passive effects
@: no status effects
A: horns 2, retaliatory headbutt
a: no special abilities


You were on level 2 of the Dungeon.
You visited 1 branch of the dungeon, and saw 2 of its levels.

You collected 119 gold pieces.


Innate Abilities, Weirdness & Mutations

You have a pair of horns on your head.
You reflexively headbutt those who attack you in melee.


   Skills:
 - Level 2.0 Fighting
 + Level 3.7 Ranged Weapons
 - Level 2.1 Dodging
 - Level 1.0 Spellcasting
 - Level 2.0 Hexes


You had 3 spell levels left.
You knew the following spells:

 Your Spells              Type           Power      Damage    Failure   Level
a - Slow                  Hex            16%        N/A       22%         1

Your spell library contained the following spells:

 Spells                   Type           Power      Damage    Failure   Level
 Inner Flame              Hex/Fire       2%         N/A       67%         3
 Portal Projectile        Hex/Tloc       4%         N/A       67%         3
 Cause Fear               Hex            2%         N/A       91%         4

Inventory:

Hand Weapons
 Y - a +1 sling (weapon)
Armour
 d - a +3 leather armour (worn)
Jewellery
 b - a ring of protection from fire
 e - a ring of resist corrosion (left hand)
Scrolls
 a - a scroll of identify
Potions
 j - 2 potions of haste {unknown}

Dungeon Overview and Level Annotations

Branches:
Dungeon (2/15)

Altars:

Annotations:
D:2 Sigmund


Message History

An endoplasm comes into view.
Enter note: You shoot a sling bullet.
The endoplasm quivers.
The sling bullet hits Sigmund.
Sigmund is lightly wounded.
You shoot a sling bullet.
The sling bullet hits Sigmund but does no damage.
Sigmund is lightly wounded.
Sigmund casts a spell at you. You resist with significant effort.
You shoot a sling bullet.
The sling bullet barely misses the endoplasm.
Sigmund points at you and mumbles some strange words.
The magic dart hits you!
You shoot a sling bullet. The sling bullet hits the endoplasm.
The endoplasm is almost dead.
Sigmund casts a spell.
Sigmund flickers and vanishes!
Deactivating autopickup; reactivate with Ctrl-A.
You shoot a sling bullet. The sling bullet hits the endoplasm.
You kill the endoplasm!
You shoot a sling bullet.
A puff of flame appears from out of thin air!
The puff of flame hits you but does no damage.
You shoot a sling bullet. You shoot a sling bullet. Something hits you!
You shoot a sling bullet. Something hits you.
You shoot a sling bullet. Something hits you!
You shoot a sling bullet. Something hits you but does no damage.
You shoot a sling bullet.
You hear a zap.
Something tries to affect you, but you resist.
You shoot a sling bullet. Something hits you!
You die...

#...........
#.......... #..^......
#....>... #.......
##...... #......#
#.....@# #......#
#......#####
#..........#
#..........###
#............###
#..............########
#.....................#
######................#


There were no monsters in sight!

Vanquished Creatures
  An adder (D:2)
  6 ball pythons
  A bat (D:1)
  An endoplasm (D:2)
  2 jackals (D:1)
  2 frilled lizards (D:1)
  3 goblins
  4 kobolds (D:1)
  7 rats (D:1)
27 creatures vanquished.

Notes
Turn   | Place    | Note
-------+----------+-------------------------------------------
     0 | D:1      | qw the Minotaur Hexslinger began the quest for the Orb.
     0 | D:1      | Reached XP level 1. HP: 16/16 MP: 1/1
     0 | D:1      | 0 ||| qw: Version: 0.3-a-46-gb1f654a
     0 | D:1      | 0 ||| qw: Game counter: 1851
     0 | D:1      | 0 ||| qw: Melee chars always use a shield: true
     0 | D:1      | 0 ||| qw: God list: Okawaru
     0 | D:1      | 0 ||| qw: Allow faded altars: false
     0 | D:1      | 0 ||| qw: Do Orc after clearing Dungeon:15 true
     0 | D:1      | 0 ||| qw: Do second Lair branch before Depths: true
     0 | D:1      | 0 ||| qw: Lair rune preference: random
     0 | D:1      | 0 ||| qw: Goals: Normal
     0 | D:1      | 0 ||| PLANNING D:1-11
   225 | D:1      | Reached skill level 3 in Ranged Weapons
   226 | D:1      | Reached XP level 2. HP: 23/23 MP: 2/2
   630 | D:1      | Found a faded altar of an unknown god.
   839 | D:1      | 839 ||| UPGRADING to +3 leather armour.
   849 | D:1      | 849 ||| DROPPING +0 robe.
   850 | D:1      | 850 ||| UPGRADING to ring of resist corrosion.
   851 | D:1      | 851 ||| READING 2 scrolls labelled AQIOVU DUNAYB.
   852 | D:1      | 852 ||| READING scroll labelled GUOLIR QEOTHEO.
   853 | D:1      | 853 ||| READING scroll labelled TEUSKONG RUOR.
   854 | D:1      | 854 ||| READING scroll labelled JUOXTID JAITTIRA.
   855 | D:1      | 855 ||| DRINKING 2 silvery potions.
   856 | D:1      | 856 ||| DROPPING scroll of fear.
   857 | D:1      | 857 ||| DROPPING scroll of poison.
   858 | D:1      | 858 ||| DROPPING potion of degeneration.
   911 | D:2      | Reached XP level 3. HP: 27/29 MP: 3/3
  1012 | D:2      | Noticed Sigmund
  1022 | D:2      | HP: 5/29 [something (7)]
  1025 | D:2      | Slain by Sigmund

Levels and vault maps discovered:
D:1:      lightli_arrival_statuegarden, layout_basic,
          shapermc_ecumenical_altar_acropolis, hangedman_decor_push
D:2:      layout_basic, uniq_sigmund

Skill      XL: |  1  2 |
---------------+-------+-----
Ranged Weapons | 3 |  3.7
Fighting       | 2 |  2.0
Dodging        | |  2.1
Spellcasting   | |  1.0
Hexes          | |  2.0

Action                     || total
---------------------------++-------
   Fire: Sling             ||   101
    Use: Scroll            ||     4
         Potion            ||     1
 Armour: Robe              ||     4
         Leather armour    ||     9
  Dodge: Dodged            ||    27

Table legend:
 A = Non-vault XP
 B = Vault XP
 C = Vault XP percentage of total XP
 D = Non-vault monster count
 E = Vault monster count
 F = Vault count percentage of total count
                 A         B        C        D         E       F
            +---------+---------+-------+---------+---------+-------
      Total |      51 |       0 |   0.0 |      27 |       0 |   0.0
            +---------+---------+-------+---------+---------+-------
        D:1 |      32 |       0 |   0.0 |      23 |       0 |   0.0
        D:2 |      19 |       0 |   0.0 |       4 |       0 |   0.0
            +---------+---------+-------+---------+---------+-------
